[Event "Romanian-ch Youth Open U12 2024"]
[Site "Eforie Nord"]
[Date "2024.04.12"]
[Round "1.1"]
[White "Negrean, Andrei"]
[Black "Birladeanu, Alexandru"]
[Result "1-0"]
[ECO "D30"]
[WhiteElo "2250"]
[BlackElo "1549"]
[Annotator "TA"]
[PlyCount "91"]
[EventDate "2024.04.10"]
[EventType "swiss"]
[EventCountry "ROU"]
[SourceTitle "playchess.com"]
[Source "ChessBase"]
[SourceQuality "1"]
[TimeControl "5400+30"]

1. Nf3 d5 2. d4 e6 3. c4 c6 4. Nbd2 f5 5. Ne5 Bd6 6. Ndf3 Nf6 7. g3 O-O 8. Bg2 {[%emt 0:00:24] White is slightly better.} Nbd7 9. O-O Ne4 10. Bf4 g5 11. Nxd7 Bxd7 12. Bxd6 Nxd6 13. Ne5 Nxc4 14. Nxc4 dxc4 15. a4 a6 16. Qc1 b5 $2 {[%emt 0:01:25] [#] This costs Black the game.} (16... f4 $11 {and Black stays safe.}) 17. axb5 $18 axb5 18. Rxa8 Qxa8 19. Qxg5+ Kh8 20. Qe7 Qe8 {[%emt 0:04:06] [#]} 21. Qd6 Rf7 22. Ra1 {[%emt 0:03:28] Against Qa8. Ra7 is the strong threat.} Kg7 23. Ra7 {[%emt 0:02:54] And now Bf3 would win.} Qf8 $2 (23... e5 24. dxe5 Qe6) 24. Rxd7 Qxd6 25. Rxd6 {[%emt 0:00:02][%mdl 4096] Endgame. KRB-KR} Rc7 26. Rxe6 b4 27. Rxc6 Rxc6 28. Bxc6 {[%emt 0:00:02] White mates.} c3 29. bxc3 bxc3 {[%emt 0:00:20] KB-K3P} 30. Ba4 Kf6 31. f3 Ke6 32. e4 fxe4 33. fxe4 {[%emt 0:00:01] KB-KPP} h6 34. Kf2 Kd6 35. Ke3 h5 36. e5+ Kd5 37. Bb3+ Kc6 38. d5+ Kd7 39. d6 h4 40. gxh4 {[%emt 0:00:02] KB-KP} Kd8 41. e6 Ke8 42. Ba4+ Kf8 43. e7+ Kg7 44. e8=Q c2 45. Bxc2 Kf6 46. Qe7# {[%emt 0:00:02] Weighted Error Value: White=0.03 (flawless) /Black=0.46.  Loses game:     	---       	Black=1      Mistake:       	---       	Black=1      Inaccurate:     	White=1     	---        OK:         	White=9     	Black=5      Best:        	White=3     	Black=1} 1-0

[Event "Romanian-ch Youth Open U12 2024"]
[Site "Eforie Nord"]
[Date "2024.04.12"]
[Round "1.2"]
[White "Tarabic, Yanis-Andrei"]
[Black "Petroff, Vlad"]
[Result "0-1"]
[ECO "B22"]
[WhiteElo "1542"]
[BlackElo "1999"]
[Annotator "TA"]
[PlyCount "204"]
[EventDate "2024.04.10"]
[EventType "swiss"]
[EventCountry "ROU"]
[SourceTitle "playchess.com"]
[Source "ChessBase"]
[SourceQuality "1"]
[TimeControl "5400+30"]

1. e4 c5 2. Nf3 Nc6 3. c3 d5 4. exd5 Qxd5 5. Be2 e5 6. d3 {[%emt 0:02:30] B22: Sicilian: 2 c3.} Bf5 7. O-O Nf6 8. Re1 $146 ({Predecessor:} 8. Na3 Rd8 9. d4 cxd4 10. Bc4 Qd7 11. cxd4 Bxa3 12. bxa3 O-O 13. Bb2 exd4 14. Bb5 {½-½ Lebiedzinski,M (1486)-Krasucki,P (2000) Wloclawek CC Classic 12th 2015 (6)}) 8... Be7 9. c4 Qd6 10. Nc3 a6 11. h3 h6 12. b3 O-O 13. a3 Rad8 14. Bb2 Rfe8 15. Qc2 Bf8 16. Rad1 Bg6 17. Bf1 Bh5 18. Be2 Bxf3 19. Bxf3 Nd4 20. Qb1 Qd7 21. Be4 Nxb3 22. Nd5 Nxe4 23. Rxe4 Nd4 24. Rde1 Bd6 25. Bxd4 exd4 26. Qb6 Rxe4 27. Rxe4 Rc8 28. Kh1 Kh7 29. Qb3 Rb8 30. Qb6 Qc6 31. a4 Rc8 32. Re1 h5 33. Kg1 Kg8 34. Kf1 Kf8 35. Rb1 Rb8 36. Re1 Qd7 37. Rb1 f6 38. f4 Qc6 39. Kf2 Kf7 40. Kg1 Ke6 41. Kh1 $2 (41. Qb2 $14 {stays ahead.} Kf7 42. Qe2) 41... Kd7 $2 (41... Qxa4 $2 42. Re1+ Kf7 43. Qxd6 $18) (41... Qxb6 $17 42. Rxb6 Kd7) 42. Re1 (42. Qb3 $11 Ke8 43. Qd1) 42... Qxb6 $17 ({Inferior is} 42... Qxa4 43. Re7+ Bxe7 44. Qc7+ Ke6 45. Qxe7+ Kf5 46. Qe4#) 43. Nxb6+ Kc6 44. a5 Bxf4 45. Re7 (45. Re6+ $17 Bd6 46. g3) 45... Bc7 (45... h4 $19 {aiming for ...Bd6.} 46. g4 hxg3) 46. Re6+ $17 Bd6 47. Kg1 (47. g3 $17) 47... Rf8 48. Kf2 Kc7 (48... h4 $142 49. Kf3 Rg8) 49. Kf3 $17 Rd8 ({Better is} 49... h4 $17 {...Rh8 would now be deadly.} 50. Kg4 Rh8) 50. Nd5+ (50. Ke4 $11) 50... Kd7 51. Re1 Re8 52. Rb1 (52. Nb6+ $17 Kd8 53. Rxe8+ Kxe8 54. Ke4) 52... Kc8 $19 53. Nb6+ Kb8 54. Nd5 Bc7 55. Ra1 Re6 56. g3 g5 57. g4 h4 58. Kf2 Bg3+ 59. Kf3 Kc8 60. Rb1 Bc7 61. Ra1 Kd7 62. Kf2 Kc6 63. Kf3 Bd8 64. Ra3 (64. Kf2 $142) 64... Re1 $19 65. Kf2 Rh1 66. Kg2 Rd1 67. Kh2 Rd2+ 68. Kg1 Re2 69. Kh1 Bc7 70. Kg1 Be5 71. Rb3 Bc7 (71... Re1+ $142 72. Kg2 Bc7 73. Nxc7 Kxc7) 72. Ra3 $1 $19 Rb2 73. Nxf6 Rh2 74. Ne4 Rxh3 75. Kg2 Re3 76. Nxg5 h3+ 77. Kf2 h2 (77... Bg3+ $142 78. Kg1 Re1#) 78. Ra1 $19 Rxd3 79. Nf3 Rc3 80. Kg2 Rc2+ 81. Kh1 Rf2 82. Nh4 Rf4 (82... d3 $142 83. Rc1 d2 (83... Bxa5 $2 84. Ng2 $19) 84. Rd1 Rf4 (84... Bxa5 $2 85. Ng2 $19) 85. Kxh2 Rf1+ (85... Rxg4+ $2 86. Kh3 $19) 86. Kg2 Rxd1 87. Nf3 Rg1+ (87... Bxa5 $2 88. Kf2 $19) 88. Kxg1 d1=Q+ (88... d1=R+ $2 89. Kf2 $19) 89. Kf2 Bf4 (89... Bxa5 {leads to mate.} 90. Ne5+ Kc7 91. Nf3 Qc2+ 92. Kg3 Qxc4 93. g5 Qe4 94. g6 Qxg6+ 95. Kf2 c4 96. Ke3 Qf5 97. Kf2 c3 98. Kg3 c2 99. Nd4 Qg6+ 100. Kh2 c1=Q 101. Ne6+ Qxe6 102. Kg2 Qg4+ 103. Kh2 Qh6#) (89... Qc2+ 90. Ke3 Qxc4 91. Ne1 Qxg4 92. Nd3 Qd4+ 93. Ke2 Qe4+ 94. Kd2 Bxa5+ 95. Kc2 Bb4 96. Kc1 Qxd3 97. Kb2 Qd1 98. Ka2 Qc2+ 99. Ka1 Bc3#) 90. Ng1 Qd2+ (90... Qxg4 91. Ne2 Bg5 92. Ng1 Bh4+ 93. Ke3 Qxg1+ 94. Ke2 Qg2+ 95. Ke3 Bg5+ 96. Kd3 Qf3+ 97. Kc2 Qa3 98. Kd1 Qd3+ 99. Ke1 Bh4#) 91. Kf3 Bg5 (91... Qe3+ 92. Kg2 Qg3+ 93. Kf1 Be3 94. Ke2 Qxg1 95. g5 Qf2+ 96. Kd3 Bxg5 97. Kc3 Qd2+ 98. Kb3 Qc1 99. Ka2 Qc2+ 100. Ka3 Bc1#) 92. Kg3 Qe3+ (92... Qxa5 93. Nf3 Qc3 94. Kg2 Qe3 95. Nxg5 Qxg5 96. Kh3 a5 97. Kg2 a4 98. Kh3 a3 99. Kg3 a2 100. Kf2 a1=Q 101. Ke2 Qxg4+ 102. Kd3 Qad4+ 103. Kc2 Qgd1#) 93. Kg2 Bh4 94. Nh3 Qg3+ 95. Kf1 Qf3+ (95... Qxh3+ {gets mated.} 96. Ke2 Bg5 97. Kf2 Qxg4 98. Kf1 Be3 99. Ke1 Qg2 100. Kd1 Qd2#) 96. Kg1 Qxh3 97. g5 Bg3 (97... Bxg5 98. Kf2 Bf4 99. Ke2 Qe3+ 100. Kf1 Qf3+ 101. Ke1 Qg2 102. Kd1 Qd2#) 98. g6 Qh2+ 99. Kf1 Qf2#) 83. Ng2 Rxg4 84. Rf1 d3 85. Rf6+ Kd7 86. Rf7+ Kd8 87. Rf3 d2 88. Rf1 Rxc4 89. Ne3 Re4 90. Rd1 Rxe3 91. Rxd2+ Ke7 92. Rd1 c4 93. Rf1 c3 94. Rc1 Rd3 95. Re1+ Kd6 96. Rc1 Kd5 97. Kg2 Rd2+ 98. Kh1 c2 99. Rf1 Rd1 100. Rxd1+ cxd1=Q+ 101. Kg2 h1=Q+ 102. Kf2 Qhg1# 0-1

[Event "Romanian-ch Youth Open U12 2024"]
[Site "Eforie Nord"]
[Date "2024.04.13"]
[Round "2.1"]
[White "Ionita, Eduard-Gabriel"]
[Black "Negrean, Andrei"]
[Result "0-1"]
[ECO "B20"]
[WhiteElo "1705"]
[BlackElo "2250"]
[Annotator "RC"]
[PlyCount "64"]
[EventDate "2024.04.10"]
[EventType "swiss"]
[EventCountry "ROU"]
[SourceTitle "playchess.com"]
[Source "ChessBase"]
[SourceQuality "1"]
[TimeControl "5400+30"]

1. e4 c5 2. b4 cxb4 3. a3 d5 4. exd5 Qxd5 5. Nf3 e6 6. axb4 Bxb4 7. c3 Be7 8. d4 Nf6 9. Bd3 O-O 10. O-O b6 11. Na3 Qd8 12. Qc2 Bb7 13. Ne5 Nbd7 14. Nac4 h6 15. f4 Bd5 16. Nxd7 Nxd7 17. Ne5 a5 18. Qf2 Rc8 19. Bd2 Nxe5 20. fxe5 Bg5 21. Bxg5 Qxg5 22. h4 Qe7 23. Rac1 Bc4 24. Rfd1 a4 25. Bxc4 Rxc4 26. Qa2 Rfc8 27. Rd3 Qxh4 28. Rb1 Qe4 29. Rbd1 Rxc3 30. Rxc3 Rxc3 31. Qxa4 Rc2 32. Qa8+ Qxa8 0-1

[Event "Romanian-ch Youth Open U12 2024"]
[Site "Eforie Nord"]
[Date "2024.04.13"]
[Round "2.2"]
[White "Petroff, Vlad"]
[Black "Maier, Alexandru Sever"]
[Result "1-0"]
[ECO "D35"]
[WhiteElo "1999"]
[BlackElo "1702"]
[Annotator "RC"]
[PlyCount "82"]
[EventDate "2024.04.10"]
[EventType "swiss"]
[EventCountry "ROU"]
[SourceTitle "playchess.com"]
[Source "ChessBase"]
[SourceQuality "1"]
[TimeControl "5400+30"]

1. d4 d5 2. c4 e6 3. Nc3 Nf6 4. cxd5 exd5 5. Bg5 Be7 6. e3 O-O 7. Bd3 h6 8. h4 b6 9. Qc2 a6 10. Nf3 Bb7 11. O-O-O Nbd7 12. g4 Re8 13. Bxf6 Nxf6 14. g5 Nd7 15. gxh6 gxh6 16. Rdg1+ Kf8 17. Bh7 Bf6 18. Qf5 c6 19. Rg2 Ke7 20. e4 Qc7 21. exd5 cxd5 22. Re1+ Kd8 23. Rg8 Rxg8 24. Bxg8 Qc4 25. Bxf7 Bc6 26. Bxd5 Bxd5 27. Qxd5 Qxd5 28. Nxd5 Rc8+ 29. Kd2 Rc4 30. Nxf6 Nxf6 31. Re6 Ng4 32. Rxb6 Ra4 33. a3 h5 34. Rd6+ Ke7 35. Rd5 Nf6 36. Re5+ Kd6 37. Kc3 Nd5+ 38. Kd3 Nf6 39. Nd2 Nd5 40. Nc4+ Kc6 41. Rxd5 Kxd5 1-0

[Event "Romanian-ch Youth Open U12 2024"]
[Site "Eforie Nord"]
[Date "2024.04.13"]
[Round "3.1"]
[White "Negrean, Andrei"]
[Black "Ponta-Facalet, Zeno-Andrei"]
[Result "1-0"]
[ECO "B15"]
[WhiteElo "2250"]
[BlackElo "1783"]
[Annotator "RC"]
[PlyCount "131"]
[EventDate "2024.04.10"]
[EventType "swiss"]
[EventCountry "ROU"]
[SourceTitle "playchess.com"]
[Source "ChessBase"]
[SourceQuality "1"]
[TimeControl "5400+30"]

1. e4 c6 2. d4 d5 3. Nc3 dxe4 4. Nxe4 Nf6 5. Nxf6+ exf6 6. c3 Bd6 7. Bd3 O-O 8. Ne2 Re8 9. Qc2 h5 10. O-O h4 11. h3 Nd7 12. Bf4 Nf8 13. Bxd6 Qxd6 14. Rfe1 Bd7 15. Qd2 Ne6 16. c4 Ng5 17. Qf4 Qxf4 18. Nxf4 Ne6 19. Nxe6 fxe6 20. Bg6 Rf8 21. Rad1 Be8 22. Be4 Bf7 23. b4 Bh5 24. f3 f5 25. Bc2 Bf7 26. a4 a5 27. bxa5 Rxa5 28. Re5 Ra7 29. Kf2 g6 30. c5 Kg7 31. Bb3 Kf6 32. Rde1 Re8 33. R5e2 Raa8 34. Rb2 Ra7 35. Re5 Raa8 36. Ke3 Re7 37. Kd3 Rd7 38. Kc3 Rad8 39. Rd2 Ra8 40. Re1 Rb8 41. a5 Ra8 42. Ra1 Rdd8 43. Bc4 g5 44. Rb2 Ra7 45. Rb6 Be8 46. a6 bxa6 47. Rbxa6 Rxa6 48. Rxa6 e5 49. d5 Rc8 50. Rb6 Kg7 51. Ba6 Rc7 52. d6 Ra7 53. Bb7 Ra5 54. Kb4 Ra1 55. Bxc6 Rb1+ 56. Ka3 Rxb6 57. cxb6 Bxc6 58. b7 Bxb7 59. d7 Kf7 60. d8=Q Kg6 61. Qb6+ Kh5 62. Qxb7 g4 63. fxg4+ fxg4 64. Qh7+ Kg5 65. Qg7+ Kh5 66. hxg4# 1-0

[Event "Romanian-ch Youth Open U12 2024"]
[Site "Eforie Nord"]
[Date "2024.04.13"]
[Round "3.2"]
[White "Dunca, Patrick-David"]
[Black "Petroff, Vlad"]
[Result "0-1"]
[ECO "A45"]
[WhiteElo "1762"]
[BlackElo "1999"]
[Annotator "RC"]
[PlyCount "70"]
[EventDate "2024.04.10"]
[EventType "swiss"]
[EventCountry "ROU"]
[SourceTitle "playchess.com"]
[Source "ChessBase"]
[SourceQuality "1"]
[TimeControl "5400+30"]

1. d4 Nf6 2. Bg5 e6 3. e4 h6 4. Bxf6 Qxf6 5. c3 d6 6. Nf3 g5 7. Be2 g4 8. Nfd2 h5 9. h3 Bh6 10. Na3 a6 11. Nac4 e5 12. dxe5 dxe5 13. hxg4 hxg4 14. Nb3 Be6 15. Nc5 Nc6 16. Nxe6 Qxe6 17. Qd5 Qe7 18. Ne3 Rd8 19. Qb3 g3 20. Nd5 Qc5 21. fxg3 Ne7 22. Qc4 Qxc4 23. Bxc4 Nxd5 24. exd5 Ke7 25. Ke2 Rdg8 26. Kf3 Kd6 27. g4 e4+ 28. Kxe4 Rxg4+ 29. Kd3 Rg3+ 30. Ke4 Rxg2 31. Rh4 Rg3 32. Rah1 Re8+ 33. Kf5 Re5+ 34. Kf6 Rf3+ 35. Rf4 Rxf4# 0-1

[Event "Romanian-ch Youth Open U12 2024"]
[Site "Eforie Nord"]
[Date "2024.04.14"]
[Round "4.1"]
[White "Rusu, Lucas"]
[Black "Negrean, Andrei"]
[Result "0-1"]
[ECO "B50"]
[WhiteElo "1924"]
[BlackElo "2250"]
[Annotator "TA"]
[PlyCount "56"]
[EventDate "2024.04.10"]
[EventType "swiss"]
[EventCountry "ROU"]
[SourceTitle "playchess.com"]
[Source "ChessBase"]
[SourceQuality "1"]
[TimeControl "5400+30"]

1. e4 c5 2. Nf3 d6 3. c3 Nf6 4. Be2 g6 5. O-O Bg7 6. Re1 O-O 7. Bf1 Nc6 8. h3 e5 9. d4 exd4 10. cxd4 Nxd4 11. Nxd4 cxd4 12. Qxd4 Re8 {[%emt 0:01:29][%cal Of6e4] Black is slightly better.} 13. Qd3 Bf5 14. f3 d5 15. g4 $2 {[%emt 0:04:01] [#]} (15. Nc3 $17 dxe4 16. Qxd8 Raxd8 17. Be3) 15... Qc7 $19 ({Stronger than} 15... dxe4 16. Qxd8 Raxd8 17. gxf5 $16) 16. Bg2 Qg3 17. Re3 (17. Rd1 dxe4 18. fxe4 Qxd3 19. Rxd3 Bxe4 (19... Nxe4 $2 {loses.} 20. gxf5 Rad8 21. Rxd8 $18) 20. Bxe4) 17... d4 ({Weaker is} 17... dxe4 18. fxe4 Bxe4 (18... Qc7 19. Nc3 $17) 19. Rxg3 $17) 18. Re2 {[%emt 0:02:03] [#]} (18. gxf5 $142 dxe3 19. Qe2) 18... Bxe4 $1 19. Qb3 (19. Qd2 Bxb1) 19... Bxb1 20. Qd1 Rxe2 21. Qxe2 Re8 22. Qf2 Re1+ {[%emt 0:00:08] Black mates.} 23. Qxe1 Qxe1+ 24. Kh2 Nxg4+ 25. hxg4 Qxc1 26. Rxb1 Qxb1 27. Kg3 Be5+ 28. f4 Qe1+ {[%emt 0:00:03] White did not feel at home in the position after the opening.   Weighted Error Value: White=1.57/Black=0.15 (very precise) .  Loses game:     	White=1     	---        Mistake:       	White=2     	---        Inaccurate:     	White=3     	Black=1      OK:         	---       	Black=3      Best:        	---       	Black=2      Brilliant:      	---       	Black=1} 0-1

[Event "Romanian-ch Youth Open U12 2024"]
[Site "Eforie Nord"]
[Date "2024.04.14"]
[Round "4.2"]
[White "Petroff, Vlad"]
[Black "Stanica, Andrei"]
[Result "0-1"]
[ECO "D36"]
[WhiteElo "1999"]
[BlackElo "1977"]
[Annotator "NA RC"]
[PlyCount "96"]
[EventDate "2024.04.10"]
[EventType "swiss"]
[EventCountry "ROU"]
[SourceTitle "playchess.com"]
[Source "ChessBase"]
[SourceQuality "1"]
[TimeControl "5400+30"]

1. d4 d5 2. c4 e6 3. Nc3 Nf6 4. cxd5 exd5 5. Bg5 Be7 6. e3 c6 7. Bd3 Nbd7 8. Nge2 Nf8 9. Bh4 Ne6 10. Qc2 g6 11. f3 O-O 12. O-O-O b5 13. g4 {[%emt 0:01:19] D36: Queen's Gambit Declined: Exchange Variation: Main line (5 Bg5 c6 6 Qc2).} a5 14. Bg3 Bd6 15. h4 Ba6 16. h5 b4 17. Na4 Bxd3 18. Qxd3 Bxg3 19. Nxg3 Qd6 20. Rdg1 c5 21. dxc5 Nxc5 22. Nxc5 Qxc5+ 23. Kb1 Rfe8 24. Re1 a4 25. g5 Nd7 26. hxg6 fxg6 27. Rc1 Qd6 28. Qd4 Re7 29. e4 Rf8 30. Nf1 Rxf3 31. exd5 Nf8 32. Nd2 Rf4 33. Qd3 Qe5 34. Rhf1 Rd4 35. Rc8 Qe1+ 36. Kc2 b3+ 37. axb3 axb3+ 38. Nxb3 Re2+ 39. Nd2 Rxd2+ 40. Qxd2 Rxd2+ 41. Kc3 Qe3+ 42. Kb4 Rxb2+ 43. Kc4 Rc2+ 44. Kb4 Rxc8 45. Rd1 Qc3+ 46. Kb5 Rb8+ 47. Ka4 Rb4+ 48. Ka5 Qa3# 0-1

[Event "Romanian-ch Youth Open U12 2024"]
[Site "Eforie Nord"]
[Date "2024.04.15"]
[Round "5.1"]
[White "Negrean, Andrei"]
[Black "Stanica, Andrei"]
[Result "1-0"]
[ECO "E17"]
[WhiteElo "2250"]
[BlackElo "1977"]
[Annotator "TA"]
[PlyCount "117"]
[EventDate "2024.04.10"]
[EventType "swiss"]
[EventCountry "ROU"]
[SourceTitle "playchess.com"]
[Source "ChessBase"]
[SourceQuality "1"]
[TimeControl "5400+30"]

1. Nf3 d5 2. g3 Nf6 3. Bg2 e6 4. O-O Be7 5. c4 O-O 6. b3 b6 7. Bb2 Bb7 8. cxd5 exd5 9. d4 Nbd7 10. Nbd2 c5 11. Rc1 Rc8 12. dxc5 bxc5 13. Qc2 {[%emt 0:02:06] The position is equal.} Qb6 14. Qb1 Rfd8 15. Rfd1 h6 16. e3 Ba8 17. Qa1 Qe6 18. Rc2 Bb7 19. Rcc1 Ba8 20. h3 Bb7 21. Ne5 Nxe5 22. Bxe5 Ne8 23. Bb2 Bf6 24. Rc2 Bxb2 25. Qxb2 Rd7 26. Rdc1 Rdc7 27. Qa3 Qb6 28. Qa4 Nf6 29. Qf4 a5 30. h4 Qb4 (30... Rd8 $11) 31. Bh3 $16 Qxf4 32. gxf4 Ra8 33. Rxc5 Rxc5 34. Rxc5 a4 35. b4 {[%emt 0:01:24][%cal Bb3b4,Bb4b5][%mdl 32] And now Nf3 would win. White is more active.} a3 (35... d4 $16) 36. b5 ({Don't play} 36. Nb3 $6 Ne4) 36... Ne4 (36... d4 $142 37. Bg2 (37. exd4 Ra4 $18) 37... dxe3 38. fxe3 (38. Bxb7 exd2 39. Bf3 Rd8 $15) 38... Rd8) 37. Nxe4 $18 dxe4 {[%emt 0:00:06][%mdl 4096] Endgame. KRB-KRB} 38. Bf1 {[%emt 0:04:39] [#] Bc4 is the strong threat.} Rc8 $2 (38... Re8 39. Bc4 Re7) 39. Rxc8+ Bxc8 {[%emt 0:00:01] KB-KB} 40. Bc4 Bb7 41. Kf1 Kf8 42. Ke1 Ke7 43. Kd2 Kd6 44. Kc3 Kc5 45. Bxf7 Kxb5 46. Kb3 Kc5 47. Kxa3 Bc8 48. Kb3 Ba6 49. a4 Be2 50. Kc3 Bd1 51. a5 Kb5 52. Kd4 Kxa5 53. Kxe4 {[%emt 0:00:20] [#] Intending f5 and mate.} Kb5 54. Ke5 {[%emt 0:00:50] White mates.} Kc5 55. f5 Bc2 56. f6 gxf6+ 57. Kxf6 Kd6 58. Bg6 Bd1 59. e4 {[%emt 0:00:05] Weighted Error Value: White=0.11 (very precise) /Black=0.58.  Mistake:       	---       	Black=4      Inaccurate:     	White=3     	Black=3      OK:         	White=8     	Black=6      Best:        	White=2     	---} 1-0

[Event "Romanian-ch Youth Open U12 2024"]
[Site "Eforie Nord"]
[Date "2024.04.15"]
[Round "5.2"]
[White "Zlate-Ion, Matei"]
[Black "Voinescu, Marian-David"]
[Result "0-1"]
[ECO "B94"]
[WhiteElo "1869"]
[BlackElo "1756"]
[Annotator "NA RC"]
[PlyCount "120"]
[EventDate "2024.04.10"]
[EventType "swiss"]
[EventCountry "ROU"]
[SourceTitle "playchess.com"]
[Source "ChessBase"]
[SourceQuality "1"]
[TimeControl "5400+30"]

1. e4 c5 2. Nf3 d6 3. d4 cxd4 4. Nxd4 Nf6 5. Nc3 a6 6. Bg5 Nbd7 7. f4 b5 8. Qe2 Bb7 9. e5 b4 10. exf6 gxf6 11. Nd1 fxg5 12. Ne6 Qa5 13. Nxg5 Nf6 14. b3 h6 15. Nf3 Bg7 16. g3 Ne4 17. Rc1 Nc3 18. Nxc3 Bxc3+ 19. Kf2 Qc5+ 20. Kg2 Rc8 21. g4 Rg8 22. Kg3 Qf5 23. Bh3 e5 24. fxe5 dxe5 25. Qe3 Bb2 26. Rce1 Bxf3 27. Qxf3 Qxf3+ 28. Kxf3 Rxc2 29. Re2 Rxe2 30. Kxe2 Ke7 31. Kd3 Rc8 32. Bg2 Rd8+ 33. Kc2 Rd4 34. Bf3 Rf4 35. Be2 Rf2 36. Kd1 Bc3 37. h4 Kf8 38. Rf1 Rg2 39. h5 Ke7 40. Bxa6 Rxg4 41. Rf2 Rh4 42. Be2 Rd4+ 43. Kc1 Rd2 44. Rg2 Rxa2 45. Bf3 Rxg2 46. Bxg2 Kf6 47. Bd5 Ke7 48. Be4 Ke6 49. Kd1 f5 50. Bg2 Kf6 51. Bd5 e4 52. Ke2 Ke5 53. Bf7 f4 54. Bg6 f3+ 55. Kf2 Kf4 56. Be8 e3+ 57. Kf1 e2+ 58. Kg1 e1=Q+ 59. Kh2 Qg3+ 60. Kh1 Qg2# 0-1

[Event "Romanian-ch Youth Open U12 2024"]
[Site "Eforie Nord"]
[Date "2024.04.16"]
[Round "6.1"]
[White "Voinescu, Marian-David"]
[Black "Negrean, Andrei"]
[Result "0-1"]
[ECO "C07"]
[WhiteElo "1756"]
[BlackElo "2250"]
[Annotator "RC"]
[PlyCount "90"]
[EventDate "2024.04.10"]
[EventType "swiss"]
[EventCountry "ROU"]
[SourceTitle "playchess.com"]
[Source "ChessBase"]
[SourceQuality "1"]
[TimeControl "5400+30"]

1. e4 e6 2. d4 d5 3. Nd2 c5 4. c3 Nc6 5. Ngf3 cxd4 6. cxd4 dxe4 7. Nxe4 Bb4+ 8. Bd2 Bxd2+ 9. Qxd2 Nf6 10. Bd3 O-O 11. O-O Bd7 12. Rfd1 Nd5 13. Ne5 Qe7 14. Rac1 Rac8 15. Nxd7 Qxd7 16. Ng5 g6 17. Nf3 Qe7 18. h4 Qf6 19. Qh6 Nf4 20. Bf1 Nh3+ 21. gxh3 Qxf3 22. Bg2 Qf6 23. Qg5 Qg7 24. Qe3 h5 25. Bxc6 Rxc6 26. Rxc6 bxc6 27. Qa3 Qf6 28. Qxa7 Qf3 29. Rc1 Qxh3 30. Rxc6 Qg4+ 31. Kf1 Qxh4 32. Qc5 Qh1+ 33. Ke2 Qe4+ 34. Kd2 Qb1 35. Qa3 Rd8 36. Qc3 Qxa2 37. Rc8 Rxc8 38. Qxc8+ Kg7 39. Qc3 Qd5 40. b4 h4 41. Qd3 e5 42. b5 exd4 43. b6 Qa5+ 44. Ke2 Qxb6 45. Qh3 Qe6+ 0-1

[Event "Romanian-ch Youth Open U12 2024"]
[Site "Eforie Nord"]
[Date "2024.04.16"]
[Round "6.2"]
[White "Petroff, Vlad"]
[Black "Mihali-Viorescu, Andrei"]
[Result "1-0"]
[ECO "C07"]
[WhiteElo "1999"]
[BlackElo "1813"]
[Annotator "NA RC"]
[PlyCount "59"]
[EventDate "2024.04.10"]
[EventType "swiss"]
[EventCountry "ROU"]
[SourceTitle "playchess.com"]
[Source "ChessBase"]
[SourceQuality "1"]
[TimeControl "5400+30"]

1. e4 e6 2. d4 d5 3. Nd2 c5 4. exd5 Qxd5 5. dxc5 Bxc5 6. Ngf3 Nf6 7. Bc4 Qd6 8. O-O O-O 9. Qe2 Rd8 10. Ne4 Nxe4 11. Qxe4 Qc6 12. Qh4 Qc7 13. Bd3 h6 14. Bf4 Bd6 15. Bxd6 Rxd6 16. Rfe1 Nc6 17. Re3 b6 18. Nd2 Bb7 19. Ne4 Rd7 20. Nf6+ gxf6 21. Qxh6 Rxd3 22. Rxd3 Ne5 23. Rg3+ Ng6 24. h4 Qxc2 25. h5 Be4 26. hxg6 Bxg6 27. Rh3 Bh7 28. Rc1 Qe4 29. Rcc3 Qe1+ 30. Kh2 1-0

[Event "Romanian-ch Youth Open U12 2024"]
[Site "Eforie Nord"]
[Date "2024.04.17"]
[Round "7.1"]
[White "Negrean, Andrei"]
[Black "Vlagiu, Alexandru-Andrei"]
[Result "1-0"]
[ECO "A13"]
[WhiteElo "2250"]
[BlackElo "1629"]
[Annotator "TA"]
[PlyCount "61"]
[EventDate "2024.04.10"]
[EventType "swiss"]
[EventCountry "ROU"]
[SourceTitle "playchess.com"]
[Source "ChessBase"]
[SourceQuality "1"]
[TimeControl "5400+30"]

1. Nf3 Nf6 2. g3 e6 3. Bg2 d5 4. c4 d4 5. O-O c5 6. e3 Nc6 7. d3 Be7 8. exd4 cxd4 {[%emt 0:02:50] The position is equal.} 9. Re1 O-O 10. Na3 Qb6 11. Nc2 Rd8 12. Rb1 a5 13. b3 Nb4 14. a3 Na2 {[%emt 0:05:04] White leaves nothing to chance now.} 15. Bd2 Bd7 (15... Nc3 $16 16. Bxc3 dxc3) 16. Ncxd4 Bxa3 (16... Bc5 $142) 17. b4 $18 (17. Ra1 e5 18. Rxa2 Bd6 $18) 17... a4 (17... axb4 $142 18. Qb3 Be8) 18. Ra1 Bxb4 19. Rxa2 {[%emt 0:00:27] [#] Black must now prevent Rb2.} Bc5 20. Be3 Ng4 21. Qb1 Qa7 22. Nc2 Nxe3 23. fxe3 ({But not} 23. Nxe3 Be8 24. d4 Bxd4 25. Nxd4 Qxd4 26. Qxb7 (26. Bxb7 Rab8 $18) 26... Rab8) 23... Bc6 24. d4 Bd6 25. c5 Bc7 26. Nb4 Bb5 (26... Bxf3 $142 27. Bxf3 Rdb8) 27. Ng5 h6 28. Qh7+ Kf8 {[%emt 0:00:03] [#]} 29. Nxe6+ $1 fxe6 (29... Ke7 30. Nxc7) 30. Rf2+ Ke8 31. Qxg7 {[%emt 0:00:09] Weighted Error Value: White=0.14 (very precise) /Black=0.69.  Mistake:       	---       	Black=4      Inaccurate:     	---       	Black=5      OK:         	White=13    	Black=6} 1-0